 Dungeon Crawl Stone Soup version 0.22-a0-469-gf26638a (webtiles) character file.

10553 Zephyerz the Cleaver (level 11, -1/110 HPs)
             Began as a Hill Orc Fighter on June 11, 2018.
             Was a Priest of Beogh.
             Slain by a wolf (7 damage)
             ... led by Grum
             ... on level 10 of the Dungeon.
             The game lasted 00:43:25 (10487 turns).

Zephyerz the Cleaver (Hill Orc Fighter)            Turns: 10487, Time: 00:43:25

Health: -1/110     AC:  9    Str: 23    XL:     11   Next: 63%
Magic:  17/17      EV:  8    Int:  8    God:    Beogh [***...]
Gold:   784        SH:  9    Dex: 10    Spells: 10/10 levels left

rFire    . . .     SeeInvis .   a - +0 war axe
rCold    + + .     Gourm    .   c - +0 shield
rNeg     . . .     Faith    .   E - +0 troll leather armour {Purgy}
rPois    .         Spirit   .   v - +2 helmet
rElec    .         Reflect  .   B - scarf {rC+ rF+}
rCorr    .         Harm     .   k - +1 pair of gloves
MR       .....                  (no boots)
Stlth    +.........             (no amulet)
HPRegen  0.68/turn              h - ring of ice {rC+, rF-}
MPRegen  0.15/turn              (no ring)

@: about to teleport
A: no striking features
a: Smiting, Renounce Religion


You were on level 10 of the Dungeon.
You worshipped Beogh.
Beogh was most pleased with you.
You were hungry.

You visited 1 branch of the dungeon, and saw 11 of its levels.
You also visited: Ossuary.

You collected 784 gold pieces.

Inventory:

Hand Weapons
 a - a +0 war axe (weapon)
Missiles
 o - 28 poisoned needles
 J - 4 tomahawks (quivered)
 K - 2 tomahawks of returning
 Q - 218 stones
Armour
 c - a +0 shield (worn)
 k - a +1 pair of gloves (worn)
 v - a +2 helmet (worn)
 B - a scarf of resistance (worn)
 E - a +0 troll leather armour (worn) {Purgy}
Jewellery
 h - a ring of ice (left hand) {rC+, rF-}
 C - an uncursed ring of stealth {unknown}
 G - an uncursed amulet of regeneration {unknown}
 I - an uncursed amulet of regeneration {unknown}
 N - a cursed ring of teleportation {unknown}
Wands
 b - a wand of paralysis (13)
 D - a wand of digging (9)
 O - a wand of iceblast (19)
Scrolls
 g - 2 scrolls of noise {!r}
 i - 4 scrolls of identify
 m - a scroll of brand weapon {unknown}
 r - a scroll of fog {unknown}
 t - 4 scrolls of teleportation
 w - 5 scrolls of remove curse
 y - 3 scrolls of blinking {unknown}
 F - a scroll of random uselessness {unknown}
 H - 4 scrolls of amnesia
 L - a scroll of enchant armour {unknown}
Potions
 d - 4 potions of might
 f - a potion of resistance {unknown}
 j - a potion of degeneration {unknown}
 l - 5 potions of lignification {!q}
 n - 3 potions of mutation {unknown}
 p - 5 potions of magic
 q - 5 potions of curing
 s - 3 potions of agility
 u - 2 potions of haste {unknown}
 z - 3 potions of heal wounds {unknown}
 A - a potion of ambrosia {unknown}
Comestibles
 e - 19 rations


   Skills:
 + Level 14.0 Fighting
 + Level 14.8 Axes
 - Level 3.2 Armour
 - Level 3.2 Shields
 + Level 8.8 Invocations


You had 10 spell levels left.
You didn't know any spells.
Your spell library contained the following spells:

 Spells                   Type           Power        Failure   Level  Hunger
 Spider Form              Tmut/Pois      #.........   100%        3    ####...
 Blade Hands              Tmut           #.........   100%        5    ######.
 Ice Form                 Ice/Tmut       #.......     100%        4    #####..
 Sticks to Snakes         Tmut           #.......     98%         2    ###....
 Beastly Appendage        Tmut           #.....       92%         1    ##.....


Dungeon Overview and Level Annotations

Branches:
Dungeon (11/15)            Temple (0/1) D:5            Lair (0/6) D:9
    Orc (0/2) D:9

Altars:
Ashenzari
Cheibriados
Dithmenos
Okawaru
Qazlal
Uskayaw
Wu Jian
Xom
Zin

Shops:
D:9 ([

Annotations:
D:11 Grum


Message History

* * * LOW HITPOINT WARNING * * *
The centaur hits you but does no damage.
The howler monkey barely misses you.
The centaur hits you but does no damage.
You climb upwards.
There is a stone staircase leading down here.
You take 7 damage, and have 5/110 hp.
As you read the scroll of immolation {!r}, it crumbles to dust.
The creatures around you are filled with an inner flame!
You block the wolf's attack. The centaur barely misses you.
The centaur hits you but does no damage.
The wolf barely misses you.
The centaur hits you but does no damage.
The howler monkey hoots and howls with incredible vigour!
The centaur hits you but does no damage.
As you read the scroll of teleportation, it crumbles to dust.
You feel strangely unstable. The wolf closely misses you.
The centaur barely misses you. x3
You block the howler monkey's attack. The wolf bites you!
You die...

####### #############
....>.# #...........#
......# #...........#
......# #...........#
....>.#####....cch....#
......#.........@h....#
......#.###....c......#
......'.# #<..........#
......### #...........#
......# #...........#
......# #...........#
####### ######.######
###### #....# (....#
####.#


You could see a wolf (inner flame), 3 centaurs and a howler monkey (inner
flame).

Vault maps used:
D:1:      shiori_arrival_whats_in_store_for_you, corner_web_ring
D:2:      minmay_wonky_spiral, serial_bayou, serial_bayou_pond_e,
          serial_bayou_lake_a, serial_bayou_pond_a, serial_bayou_pond_b,
          st_stairs_8, minmay_randomly_rotated_circles
D:3:      first_ration
D:4:      overflow_temple_1_default, enter_ossuary_5, uniq_purgy
D:5:      zin_scriptorium, kennysheep_little_box, minmay_temple_entry_grid
D:6:      cheibrodos_ashenzari_chains, basic_altar
D:7:      xom_confusion_cloud, nrook_loot_triangle, grunt_livestock,
          nrook_mini_vaults
D:8:      nicolae_overflow_hidden_temple, kennysheep_okawaru_gauntlet,
          lemuel_crystal_altar, hangedman_decor_slide_cut, grunt_ministairs_12,
          uniq_gastronok
D:9:      lemuel_round_altar, lemuel_doored_altar, lair_entry_dummy, orc_david_3
D:11:     uniq_grum
Ossuary:  ossuary_tomb_3

Notes
Turn   | Place    | Note
-------+----------+-------------------------------------------
     0 | D:1      | Zephyerz the Hill Orc Fighter began the quest for the Orb.
     0 | D:1      | Reached XP level 1. HP: 19/19 MP: 1/1
     0 | D:1      | Noticed an iron dragon
     0 | D:1      | Noticed a shadow dragon
     1 | D:1      | Noticed a green draconian
     6 | D:1      | Noticed an iron dragon
     8 | D:1      | Noticed an ice dragon
    10 | D:1      | Noticed a green draconian
    21 | D:1      | Noticed an iron dragon
    22 | D:1      | Noticed an orb of fire
    24 | D:1      | Noticed an iron dragon
    27 | D:1      | Noticed a shadow dragon
    29 | D:1      | Noticed a purple draconian
    29 | D:1      | Noticed an iron dragon
    30 | D:1      | Noticed an ice dragon
    32 | D:1      | Noticed an orb of fire
    34 | D:1      | Noticed an orb of fire
    34 | D:1      | Noticed a green draconian
    36 | D:1      | Noticed a green draconian
    60 | D:1      | Reached skill level 3 in Axes
    63 | D:1      | Reached skill level 4 in Fighting
    63 | D:1      | Reached XP level 2. HP: 16/27 MP: 2/2
   331 | D:1      | Reached XP level 3. HP: 34/34 MP: 3/3
   566 | D:1      | Identified a +1 pair of gloves (You found it on level 1 of the Dungeon)
   676 | D:2      | Reached skill level 4 in Axes
   915 | D:2      | Reached XP level 4. HP: 32/41 MP: 4/4
   917 | D:2      | Identified a +0 war axe
  1178 | D:2      | Reached skill level 5 in Fighting
  1411 | D:2      | Identified a cursed -1 hunting sling (You found it on level 2 of the Dungeon)
  1884 | D:2      | Reached skill level 5 in Axes
  1887 | D:2      | Reached XP level 5. HP: 44/48 MP: 5/5
  1905 | D:2      | Identified 3 scrolls of remove curse
  2397 | D:3      | Identified a +2 helmet (You found it on level 3 of the Dungeon)
  2629 | D:3      | Reached skill level 6 in Fighting
  2953 | D:4      | Identified 3 scrolls of teleportation
  2954 | D:4      | Identified 3 scrolls of identify
  2954 | D:4      | Identified a scroll of noise
  2955 | D:4      | Identified a scroll of immolation
  2956 | D:4      | Noticed an ogre
  3221 | D:4      | Noticed epen's ghost (amateur OpMo)
  3227 | D:4      | Found a sand-covered staircase.
  3234 | Ossuary  | Entered an ossuary
  3246 | Ossuary  | Reached XP level 6. HP: 57/57 MP: 6/6
  3278 | Ossuary  | Reached skill level 6 in Axes
  3640 | Ossuary  | Identified a ring of ice (You found it on level 1 of the Dungeon)
  3641 | Ossuary  | Identified a scroll of magic mapping
  3642 | Ossuary  | Identified a scroll of amnesia
  3646 | Ossuary  | Identified 5 potions of curing
  3651 | Ossuary  | Identified 4 potions of magic
  3652 | Ossuary  | Identified 5 potions of lignification
  3666 | D:4      | Killed epen's ghost
  3666 | D:4      | Reached skill level 7 in Fighting
  3666 | D:4      | Reached skill level 7 in Axes
  3666 | D:4      | Reached XP level 7. HP: 54/66 MP: 7/7
  3683 | D:4      | Found a snail-covered altar of Cheibriados.
  3706 | D:4      | Became a worshipper of Beogh the Brigand
  4177 | D:4      | Identified a scarf of resistance (You found it on level 4 of the Dungeon)
  4207 | D:4      | Noticed Purgy
  4222 | D:4      | Killed Purgy
  4222 | D:4      | Identified a +0 troll leather armour {Purgy}
  4258 | D:4      | Reached skill level 8 in Axes
  4282 | D:4      | Reached skill level 8 in Fighting
  4396 | D:4      | Reached XP level 8. HP: 74/74 MP: 8/8
  4542 | D:4      | Identified a +0 plate armour (You found it on level 4 of the Dungeon)
  4596 | D:5      | Entered Level 5 of the Dungeon
  4672 | D:5      | Found a staircase to the Ecumenical Temple.
  4883 | D:5      | Reached skill level 9 in Axes
  5019 | D:5      | Reached * piety under Beogh
  5173 | D:5      | Found a stormy altar of Qazlal.
  5265 | D:5      | Found a glowing silver altar of Zin.
  5302 | D:6      | Found a shattered altar of Ashenzari.
  5322 | D:6      | Found a glowing silver altar of Zin.
  5330 | D:5      | Reached skill level 9 in Fighting
  5432 | D:6      | Noticed Defined's ghost (novice DrAE)
  5452 | D:6      | Killed Defined's ghost
  5452 | D:6      | Reached skill level 10 in Axes
  5802 | D:7      | Found a shimmering altar of Xom.
  5817 | D:7      | Reached skill level 10 in Fighting
  5824 | D:7      | Reached XP level 9. HP: 77/85 MP: 9/9
  6193 | D:7      | Reached skill level 11 in Axes
  6213 | D:7      | HP: 15/86 [hog (9)]
  6348 | D:7      | Reached skill level 11 in Fighting
  6486 | D:7      | Reached skill level 12 in Axes
  6928 | D:8      | Noticed a komodo dragon
  6944 | D:7      | Identified a +1 cloak (You found it on level 8 of the Dungeon)
  6958 | D:7      | Killed a komodo dragon
  6958 | D:7      | Reached skill level 12 in Fighting
  6958 | D:7      | Reached XP level 10. HP: 52/97 MP: 10/10
  7076 | D:7      | Reached skill level 1 in Invocations
  7085 | D:7      | Reached skill level 2 in Invocations
  7177 | D:8      | Reached ** piety under Beogh
  7188 | D:8      | Noticed Gastronok
  7270 | D:8      | Reached skill level 13 in Axes
  7270 | D:8      | Reached skill level 3 in Invocations
  7433 | D:8      | Killed Gastronok
  7433 | D:8      | Reached skill level 5 in Invocations
  7462 | D:8      | Found an iron altar of Okawaru.
  7482 | D:8      | Found a hide-covered altar of Uskayaw.
  7823 | D:9      | Reached skill level 13 in Fighting
  7963 | D:9      | Reached skill level 6 in Invocations
  8089 | D:8      | HP: 19/101 [orc warrior/battleaxe (14)]
  8091 | D:8      | HP: 9/101 [orc warrior/battleaxe (11)]
  8092 | D:8      | Identified 4 potions of agility
  8318 | D:9      | Reached XP level 11. HP: 100/107 MP: 15/15
  8433 | D:9      | Found Gamochakk's Weapon Emporium.
  8435 | D:9      | Found a staircase to the Orcish Mines.
  8437 | D:9      | Found Jogeyhul's Armour Emporium.
  8613 | D:8      | Reached skill level 14 in Axes
  8944 | D:9      | Reached skill level 7 in Invocations
  9213 | D:9      | Found a shadowy altar of Dithmenos.
  9329 | D:9      | Found an ornate altar of the Wu Jian Council.
  9425 | D:9      | Found a staircase to the Lair.
  9470 | D:10     | Entered Level 10 of the Dungeon
  9502 | D:10     | Noticed a cyclops
  9522 | D:10     | Killed a cyclops
  9808 | D:10     | Noticed a manticore
  9838 | D:10     | HP: 22/107 [manticore (16)]
  9839 | D:10     | HP: 1/107 [manticore (21)]
  9841 | D:10     | Killed a manticore
 10014 | D:10     | Reached skill level 8 in Invocations
 10230 | D:10     | Reached *** piety under Beogh
 10466 | D:11     | Reached skill level 14 in Fighting
 10477 | D:11     | Noticed Grum
 10482 | D:11     | HP: 23/110 [centaur/arrow (7)]
 10482 | D:11     | HP: 11/110 [centaur (3)]
 10484 | D:11     | HP: 4/110 [centaur (4)]
 10487 | D:10     | Slain by a wolf

Table legend:
 A = Turns spent in this place as a percentage of turns spent in the entire game.
 B = Non-inter-level travel turns spent in this place as a percentage of non-inter-level travel turns spent in the entire game.
 C = Inter-level travel turns spent in this place as a percentage of turns spent in this place.
 D = Turns resting spent in this place as a percentage of non-inter-level travel turns spent in this place.
 E = Turns spent auto-exploring this place as a percentage of non-inter-level travel turns spent in this place.
 F = Non-inter-level travel turns spent in this place divided by the number of levels of this place that you've seen.
                   A       B       C       D       E      F
               +-------+-------+-------+-------+-------+----------------------
         Total | 100.0 | 100.0 |   0.0 |  18.4 |  47.6 | 873.8
       Dungeon |  96.0 |  96.0 |   0.0 |  19.2 |  48.5 | 914.9
       Ossuary |   4.0 |   4.0 |   0.0 |   0.0 |  26.1 | 422.0
               +-------+-------+-------+-------+-------+----------------------

Table legend:
 A = Kills in this place as a percentage of kills in entire the game.
 B = Kills by you in this place as a percentage of kills by you in the entire game.
 C = Kills by friends in this place as a percentage of kills by friends in the entire game.
 D = Other kills in this place as a percentage of other kills in the entire game.
 E = Experience gained in this place as a percentage of experience gained in the entire game.
 F = Experience gained in this place divided by the number of levels of this place that you have seen.
                   A       B       C       D       E      F
               +-------+-------+-------+-------+-------+----------------------
         Total | 100.0 | 100.0 |   N/A | 100.0 | 100.0 | 1256.3
       Dungeon |  94.4 |  94.3 |   N/A | 100.0 |  98.8 | 1354.2
       Ossuary |   5.6 |   5.7 |   N/A |   0.0 |   1.2 | 180.0
               +-------+-------+-------+-------+-------+----------------------

Skill      XL: |  1  2  3  4  5  6  7  8  9 10 11 |
---------------+----------------------------------+-----
Axes           | 3 4 5 7 8 10 12 13 14 | 14.8
Fighting       | 4 5 6 7 8 10 12 13 14 | 14.0
Invocations    | 6 8 |  8.8
Armour         | |  3.2
Shields        | |  3.2

Action                   |  1- 3 |  4- 6 |  7- 9 | 10-12 || total
-------------------------+-------+-------+-------+-------++-------
Melee: War axe           |    99 |   188 |   314 |   435 ||  1036
 Fire: Hunting sling     |       |    44 |       |       ||    44
Invok: Convert to Beogh  |       |       |     1 |       ||     1
       Smiting           |       |       |       |     8 ||     8
  Use: Scroll            |       |     8 |       |     2 ||    10
       Potion            |       |     1 |       |     1 ||     2
  Eat: Chunk             |       |     6 |     4 |     8 ||    18
       Ration            |       |     1 |     2 |     1 ||     4
Armor: Scale mail        |    41 |    99 |    29 |       ||   169
       Troll leather arm |       |       |    93 |   134 ||   227
Dodge: Dodged            |    32 |    55 |    83 |   130 ||   300
Block: Shield            |    48 |   105 |   143 |   191 ||   487

Vanquished Creatures
  Gastronok (D:8)
  A cyclops (D:10)
  A manticore (D:10)
  The ghost of Defined the Gusty, a novice DrAE of Vehumet (D:6)
  2 komodo dragons
  A troll (D:8)
  3 hippogriffs
  A wraith (D:7)
  3 yaks (D:10)
  A human (D:7)
  4 hogs (D:7)
  The ghost of epen the Insei, an amateur OpMo (D:4)
  Purgy (D:4)
  2 sky beasts
  6 orc warriors
  A black bear (D:10)
  2 ice beasts
  8 ogres
  A phantom (D:7)
  5 centaurs
  A crocodile (D:10)
  A bullfrog (D:10)
  4 scorpions
  9 killer bees
  8 howler monkeys
  6 crimson imps
  A jelly (D:10)
  A bullfrog zombie (D:5)
  A gnoll shaman (D:10)
  7 hounds
  11 orc wizards
  An orc priest (D:9)
  A bullfrog skeleton (D:6)
  2 centaur skeletons
  4 iguanas
  9 worker ants
  A big kobold zombie (Ossuary)
  2 hound zombies
  8 mummies (Ossuary)
  2 worker ant zombies
  12 gnolls
  11 adders
  2 oozes
  6 worms
  2 dart slugs (D:1)
  7 leopard geckos
  26 orcs
  2 ball pythons
  10 bats
  7 giant cockroaches
  10 goblins
  10 hobgoblins
  6 jackals (D:5)
  8 kobolds
  4 quokkas
  8 frilled lizards
  A hobgoblin zombie (Ossuary)
  A jackal skeleton (D:4)
  5 kobold zombies (Ossuary)
  A leopard gecko skeleton (D:4)
  A leopard gecko zombie (D:5)
  An orc zombie (Ossuary)
  A quokka skeleton (D:9)
  14 rats
282 creatures vanquished.

Vanquished Creatures (others)
  A bullfrog (D:7)
  A howler monkey (D:11)
  3 hounds (D:7)
  A worker ant (D:7)
  An adder (D:7)
  A shadow imp (D:6)
8 creatures vanquished.

Grand Total: 290 creatures vanquished
